[Event "28th Hit Open-A 2024"]
[Site "Nova Gorica"]
[Date "2024.01.29"]
[Round "5.20"]
[White "Siraj, Svit"]
[Black "Beber, Anja"]
[Result "1-0"]
[ECO "C26"]
[WhiteElo "2182"]
[BlackElo "1606"]
[Annotator "TA"]
[PlyCount "74"]
[EventDate "2024.01.22"]
[EventType "swiss"]
[EventCountry "SLO"]
[SourceTitle "playchess.com"]
[Source "ChessBase"]
[SourceQuality "1"]
[TimeControl "5400+30"]

1. e4 e5 2. Nf3 Nc6 3. Nc3 Nf6 4. g3 Bc5 5. Bg2 d6 6. O-O O-O 7. d3 h6 8. Na4 Bb6 9. Nxb6 axb6 10. Re1 Be6 11. h3 Qd7 12. Kh2 {[%emt 0:00:29] The position is equal.} b5 13. b3 Rfe8 14. Bb2 Rad8 15. d4 exd4 16. Nxd4 Nxd4 17. Qxd4 c5 18. Qd2 {[%emt 0:01:47] Bxf6 is the strong threat.} Nh7 19. Rad1 {[%emt 0:01:46] White is more active.} f6 20. Re3 c4 21. f4 Ra8 22. a3 (22. Qxd6 Qxd6 23. Rxd6 Rxa2 24. bxc4 Rxb2 $19) 22... Rad8 23. bxc4 bxc4 24. Bc3 f5 25. Rde1 {[%emt 0:05:22] Strongly threatening exf5.} fxe4 26. Bxe4 {[%emt 0:00:30] This pair of bishops is nice.} (26. Rxe4 $142 d5 27. Rxe6 Rxe6 28. Bxd5 Qxd5 29. Qxd5 Rxd5 30. Rxe6) 26... Nf8 (26... Nf6 $16) 27. Qd4 $18 Qf7 {[%emt 0:00:56] [#]} 28. f5 $1 d5 (28... Qf6 29. Qxf6) 29. fxe6 Qe7 30. Bg2 Nh7 31. Bb4 Qf6 32. Bc3 Qe7 $1 33. Rf1 Nf6 34. Ref3 {[%emt 0:00:25][%cal Rf3f6] [#] Rxf6 would kill now.} b5 35. Rxf6 gxf6 36. Rf3 (36. Rxf6 $142 Qxf6 37. Qxf6 d4 38. Qf7+ (38. Bxd4 Rxd4 39. Qg6+ Kh8 40. Qxe8+ Kh7 41. Qf7+ Kh8 42. e7 Rg4 43. e8=Q+ Rg8 44. Qfxg8#) 38... Kh8 39. Be4 (39. Bxd4+ Rxd4 40. Qxe8+ Kg7 41. Qf7+ Kh8 42. e7 Rg4 43. e8=Q+ Rg8 44. Qfxg8#) 39... Re7 40. Bxd4+ Rxd4 41. Qf8#) 36... Qg7 37. Rxf6 Qf8 {[%emt 0:00:26] Weighted Error Value: White=0.40/Black=0.82.  Loses game:     	---       	Black=1      Mistake:       	White=1     	---        Inaccurate:     	White=1     	Black=4      OK:         	White=10    	Black=2} 1-0

[Event "28th Hit Open-A 2024"]
[Site "Nova Gorica"]
[Date "2024.01.29"]
[Round "5.21"]
[White "Belyaletdinov, Leonard"]
[Black "Trybus, Daniel"]
[Result "0-1"]
[ECO "A40"]
[WhiteElo "1581"]
[BlackElo "2039"]
[Annotator "NA RC"]
[PlyCount "58"]
[EventDate "2024.01.22"]
[EventType "swiss"]
[EventCountry "SLO"]
[SourceTitle "playchess.com"]
[Source "ChessBase"]
[SourceQuality "1"]
[TimeControl "5400+30"]

1. d4 g6 2. Nf3 Bg7 3. e3 d6 4. Bd3 Nd7 5. b3 e5 6. Bb2 Qe7 7. Nbd2 Ngf6 8. e4 exd4 9. Nxd4 O-O 10. O-O Nh5 11. Rb1 Nf4 12. Qg4 Nxd3 13. Nf5 Qe6 14. Bxg7 N7e5 15. Qg3 gxf5 16. Bxf8+ Kxf8 17. cxd3 Qh6 18. Nc4 f4 19. Nxe5 fxg3 20. Nf3 Bg4 21. hxg3 Bxf3 22. gxf3 Qh3 23. Rbc1 c6 24. Rc4 Ke7 25. d4 Rg8 26. Rc2 h5 27. d5 h4 28. Re1 hxg3 29. fxg3 Qxg3+ 0-1

[Event "28th Hit Open-A 2024"]
[Site "Nova Gorica"]
[Date "2024.01.29"]
[Round "5.22"]
[White "Davies, Nigel R"]
[Black "Kejzar, Petra"]
[Result "1-0"]
[ECO "C00"]
[WhiteElo "2349"]
[BlackElo "2025"]
[Annotator "TA"]
[PlyCount "57"]
[EventDate "2024.01.22"]
[EventType "swiss"]
[EventCountry "SLO"]
[SourceTitle "playchess.com"]
[Source "ChessBase"]
[SourceQuality "1"]
[TimeControl "5400+30"]

1. Nf3 Nf6 2. g3 d5 3. Bg2 e6 4. O-O Be7 5. d3 O-O 6. Nbd2 c5 7. e4 Nc6 8. Re1 a6 9. e5 Nd7 10. Nf1 f6 (10... b5 $15) 11. exf6 $14 {[%emt 0:01:52] White is slightly better.} Bxf6 12. Ne3 ({Of course not} 12. Rxe6 Nde5 13. Rxe5 Nxe5 14. Nxe5 Bxe5 $17) 12... Nde5 13. Nd2 Nb4 14. Bf1 b5 15. f4 Ng6 16. Bg2 Ra7 17. Nf3 Nc6 18. Ng4 Be7 19. h4 h5 20. Nf2 Qe8 21. Nh3 ({Better is} 21. c3 $16) 21... Bd6 $2 {[%emt 0:06:24] A mistake that costs the game.} (21... e5 $1 $11 {and Black stays safe.}) 22. Nfg5 $18 Nd4 $2 (22... Nh8 {was necessary.} 23. Bxd5 Nd4) 23. c3 {[%emt 0:11:11][%cal Od1h5] [#] Qxh5! would now be deadly.} Nf5 24. Qxh5 $40 {[%emt 0:00:46][%csl Gg5][%cal Rh5h7][%mdl 128] White has strong attack.} Rf6 $2 (24... Nh6 25. f5 Rxf5) 25. Qh7+ Kf8 26. h5 Ke7 (26... Ngh4 $142) 27. hxg6 {[%emt 0:00:20] White is clearly winning.} Rxg6 28. g4 Nh6 29. f5 {[%emt 0:00:31] Weighted Error Value: White=0.27 (precise) /Black=0.83.  Loses game:     	---       	Black=1      Mistake:       	White=1     	Black=4      Inaccurate:     	White=2     	Black=2      OK:         	White=7     	Black=4      Best:        	White=2     	---} 1-0

[Event "28th Hit Open-A 2024"]
[Site "Nova Gorica"]
[Date "2024.01.29"]
[Round "5.23"]
[White "Zupancic, Urban"]
[Black "Hrescak, Ivana"]
[Result "1-0"]
[ECO "B06"]
[WhiteElo "2025"]
[BlackElo "2117"]
[Annotator "RC"]
[PlyCount "95"]
[EventDate "2024.01.22"]
[EventType "swiss"]
[EventCountry "SLO"]
[SourceTitle "playchess.com"]
[Source "ChessBase"]
[SourceQuality "1"]
[TimeControl "5400+30"]

1. e4 d6 2. d4 g6 3. Nc3 Bg7 4. Nge2 a6 5. a4 b6 6. g3 Bb7 7. Bg2 Nd7 8. O-O c5 9. Be3 Qc7 10. f4 Ngf6 11. h3 cxd4 12. Bxd4 e5 13. Be3 Nc5 14. fxe5 dxe5 15. Nd5 Nxd5 16. exd5 Qd6 17. Nc3 f5 18. a5 b5 19. g4 b4 20. Na4 Nxa4 21. Rxa4 f4 22. Bd2 Qc5+ 23. Kh2 Rc8 24. Be4 b3 25. cxb3 Qb5 26. Rb4 Qd7 27. Bc3 Rc5 28. Rc4 Rb5 29. Re1 O-O 30. b4 Bxd5 31. Rc5 Rxc5 32. bxc5 Be6 33. Qxd7 Bxd7 34. Bd5+ Kh8 35. c6 Bc8 36. Rxe5 h6 37. Re7 Bxc3 38. bxc3 f3 39. Kg1 f2+ 40. Kf1 h5 41. Be6 hxg4 42. hxg4 Bxe6 43. Rxe6 Kg7 44. c7 Rc8 45. Rc6 Kf7 46. Kxf2 Ke8 47. Ke3 g5 48. Ke4 1-0

[Event "28th Hit Open-A 2024"]
[Site "Nova Gorica"]
[Date "2024.01.29"]
[Round "5.24"]
[White "Dorokhina, Elizaveta"]
[Black "Mazzi, Leonardo"]
[Result "1-0"]
[ECO "D02"]
[WhiteElo "1994"]
[BlackElo "1647"]
[Annotator "NA RC"]
[PlyCount "61"]
[EventDate "2024.01.22"]
[EventType "swiss"]
[EventCountry "SLO"]
[SourceTitle "playchess.com"]
[Source "ChessBase"]
[SourceQuality "1"]
[TimeControl "5400+30"]

1. d4 d5 2. Bf4 Nf6 3. e3 c5 4. Nf3 Nc6 5. Nbd2 Bf5 6. dxc5 e6 7. Nd4 Bg6 8. Bb5 Qd7 9. N2f3 Bh5 10. b4 Ne4 11. c4 a6 12. cxd5 exd5 13. Bxc6 bxc6 14. Qa4 Bxf3 15. gxf3 Nf6 16. Qxc6 Qxc6 17. Nxc6 a5 18. Nxa5 Be7 19. Nc6 Nh5 20. Be5 Bf6 21. a4 O-O 22. Bxf6 Nxf6 23. Ke2 Rfe8 24. Rhd1 Rac8 25. b5 Nh5 26. a5 Nf4+ 27. Kf1 Nh3 28. a6 Re6 29. a7 Rg6 30. a8=Q Rg1+ 31. Ke2 1-0

[Event "28th Hit Open-A 2024"]
[Site "Nova Gorica"]
[Date "2024.01.29"]
[Round "5.25"]
[White "Privitera, Franco"]
[Black "Gergolet, Jan"]
[Result "1/2-1/2"]
[ECO "A34"]
[WhiteElo "1919"]
[BlackElo "1632"]
[Annotator "NA RC"]
[PlyCount "60"]
[EventDate "2024.01.22"]
[EventType "swiss"]
[EventCountry "SLO"]
[SourceTitle "playchess.com"]
[Source "ChessBase"]
[SourceQuality "1"]
[TimeControl "5400+30"]

1. Nf3 c5 2. c4 Nf6 3. Nc3 g6 4. e4 Bg7 5. d3 O-O 6. Be2 Nc6 7. O-O a6 8. Rb1 Nd4 9. Nxd4 cxd4 10. Nd5 Nxd5 11. exd5 e5 12. f4 d6 13. fxe5 dxe5 14. Bf3 f5 15. Bd2 Re8 16. Qc2 g5 17. g3 f4 18. gxf4 Bh3 19. fxg5 Rf8 20. Bg2 Qd7 21. Bb4 Rf4 22. Rxf4 exf4 23. Rf1 Qg4 24. Rf3 Re8 25. Rxh3 Re2 26. Qxe2 Qxe2 27. Ba3 Qd1+ 28. Kf2 Qc2+ 29. Kf1 Qd1+ 30. Kf2 Qg4 1/2-1/2

[Event "28th Hit Open-A 2024"]
[Site "Nova Gorica"]
[Date "2024.01.29"]
[Round "5.26"]
[White "Ongut, Tamas Gunes"]
[Black "Capaliku, Aleks"]
[Result "1-0"]
[ECO "A43"]
[WhiteElo "2310"]
[BlackElo "1913"]
[Annotator "RC"]
[PlyCount "45"]
[EventDate "2024.01.22"]
[EventType "swiss"]
[EventCountry "SLO"]
[SourceTitle "playchess.com"]
[Source "ChessBase"]
[SourceQuality "1"]
[TimeControl "5400+30"]

1. d4 e6 2. e4 c5 3. d5 d6 4. Nc3 Nf6 5. Nf3 Be7 6. Bb5+ Bd7 7. a4 O-O 8. O-O e5 9. Nd2 Bxb5 10. axb5 Nbd7 11. Nc4 Nb6 12. Ne3 Qd7 13. Nf5 a6 14. bxa6 Rxa6 15. Rxa6 bxa6 16. f4 Bd8 17. fxe5 dxe5 18. Qf3 Ne8 19. Be3 Nc4 20. Bxc5 Bb6 21. Bxb6 Nxb6 22. Qd3 Nc7 23. Nxg7 1-0

[Event "28th Hit Open-A 2024"]
[Site "Nova Gorica"]
[Date "2024.01.29"]
[Round "5.27"]
[White "Herega, Nejc"]
[Black "Veselic, Maks"]
[Result "1/2-1/2"]
[ECO "A18"]
[WhiteElo "2257"]
[BlackElo "1874"]
[Annotator "TA"]
[PlyCount "34"]
[EventDate "2024.01.22"]
[EventType "swiss"]
[EventCountry "SLO"]
[SourceTitle "playchess.com"]
[Source "ChessBase"]
[SourceQuality "1"]
[TimeControl "5400+30"]

1. c4 Nf6 2. Nc3 e6 3. e4 d5 4. e5 d4 5. exf6 dxc3 6. bxc3 Qxf6 7. d4 c5 8. Ba3 (8. Nf3 $11) 8... Nc6 9. Nf3 Be7 {[%emt 0:03:51] Black is slightly better.} 10. Be2 O-O 11. O-O Rd8 12. Bb2 cxd4 13. cxd4 Bc5 14. Qa4 Nxd4 15. Nxd4 Bxd4 16. Bxd4 Qxd4 17. Rad1 (17. Qb4 $11 {keeps the balance.}) 17... Bd7 $1 {[%emt 0:00:51] Weighted Error Value: White=0.28 (precise) /Black=0.08 (flawless) .  Mistake:       	White=2     	---        Inaccurate:     	---       	Black=1      OK:         	White=3     	Black=1      Strong:       	---       	Black=1} 1/2-1/2

[Event "28th Hit Open-A 2024"]
[Site "Nova Gorica"]
[Date "2024.01.29"]
[Round "5.28"]
[White "Garsky, Vladyslav"]
[Black "Tonel, Giulia"]
[Result "1-0"]
[ECO "E67"]
[WhiteElo "2186"]
[BlackElo "1851"]
[Annotator "TA"]
[PlyCount "33"]
[EventDate "2024.01.22"]
[EventType "swiss"]
[EventCountry "SLO"]
[SourceTitle "playchess.com"]
[Source "ChessBase"]
[SourceQuality "1"]
[TimeControl "5400+30"]

1. d4 Nf6 2. Nf3 g6 3. g3 Bg7 4. Bg2 d6 5. O-O O-O 6. c4 Nbd7 7. Nc3 e5 8. b3 Re8 9. Bb2 exd4 10. Nxd4 Nc5 11. Qc2 Ng4 (11... h5 $11) 12. Rad1 $14 Qg5 {[%emt 0:10:46] [#]} (12... a5 $142) 13. h3 $1 $16 Nh6 ({Avoid the trap} 13... Ne3 $2 14. fxe3 Qxg3 (14... Qxe3+ $2 {is the wrong capture.} 15. Kh2 $18) 15. Rf3 $18) 14. e4 Qh5 (14... c6 $16 {is a better defense.} 15. b4 Ne6) 15. Nd5 Ne6 $2 (15... c6) 16. Nxe6 Bxe6 17. Bxg7 {[%emt 0:00:19] Black did not feel at home in the position after the opening.   Weighted Error Value: White=0.17 (very precise) /Black=0.95.  Mistake:       	---       	Black=3      OK:         	White=4     	Black=1} 1-0

[Event "28th Hit Open-A 2024"]
[Site "Nova Gorica"]
[Date "2024.01.29"]
[Round "5.29"]
[White "Caruso, Augusto"]
[Black "Pagano, Sergio"]
[Result "1-0"]
[ECO "B02"]
[WhiteElo "2159"]
[BlackElo "1821"]
[Annotator "RC"]
[PlyCount "59"]
[EventDate "2024.01.22"]
[EventType "swiss"]
[EventCountry "SLO"]
[SourceTitle "playchess.com"]
[Source "ChessBase"]
[SourceQuality "1"]
[TimeControl "5400+30"]

1. e4 Nf6 2. e5 Nd5 3. c4 Nb6 4. c5 Nd5 5. Bc4 e6 6. Nc3 Qg5 7. Bxd5 exd5 8. Nf3 Qxg2 9. Rg1 Qh3 10. Nxd5 Na6 11. d4 b6 12. Rg3 Qf5 13. Qe2 Bb7 14. Ne3 Qe4 15. Bd2 bxc5 16. d5 Nb4 17. Bxb4 Qxb4+ 18. Kf1 Qb6 19. Kg1 Ba6 20. Qc2 Rb8 21. b3 g6 22. Rc1 Be7 23. d6 cxd6 24. Nd5 Qc6 25. Nxe7 Kxe7 26. exd6+ Qxd6 27. Rd1 Qc7 28. Re1+ Kd8 29. Qc3 Re8 30. Qf6+ 1-0

[Event "28th Hit Open-A 2024"]
[Site "Nova Gorica"]
[Date "2024.01.29"]
[Round "5.30"]
[White "Gricnik, Tine"]
[Black "Centrih, Aleks"]
[Result "0-1"]
[ECO "D37"]
[WhiteElo "1758"]
[BlackElo "2082"]
[Annotator "NA RC"]
[PlyCount "108"]
[EventDate "2024.01.22"]
[EventType "swiss"]
[EventCountry "SLO"]
[SourceTitle "playchess.com"]
[Source "ChessBase"]
[SourceQuality "1"]
[TimeControl "5400+30"]

1. d4 Nf6 2. c4 e6 3. Nc3 d5 4. Nf3 a6 5. g3 dxc4 6. a4 Nc6 7. e3 Na5 8. Ne5 Bb4 9. Bd2 O-O 10. Qc2 Nb3 11. Rd1 Bd7 12. Bxc4 Nxd2 13. Rxd2 Qe8 14. Nxd7 Qxd7 15. O-O Qe7 16. e4 Rfd8 17. Rfd1 c6 18. Re2 Rac8 19. Qb3 b5 20. axb5 cxb5 21. Bd3 Bxc3 22. bxc3 e5 23. d5 Qc5 24. Rc2 Rd6 25. Rdc1 h5 26. Qb4 Nd7 27. Rb1 Nb6 28. c4 bxc4 29. Qxc5 Rxc5 30. Bxc4 f5 31. f3 fxe4 32. fxe4 Kh7 33. Rbc1 a5 34. Ba2 Rxc2 35. Rxc2 Kg6 36. Rc6 Rxc6 37. dxc6 Kf6 38. Kf2 Ke7 39. Ke3 Kd6 40. Bf7 h4 41. gxh4 Kxc6 42. Kf3 Kd6 43. Kg4 Ke7 44. Ba2 Kf6 45. h5 Na4 46. Kf3 Nc3 47. Bg8 a4 48. h4 a3 49. Bb3 a2 50. Bxa2 Nxa2 51. Kg4 Nc3 52. h6 gxh6 53. Kh5 Kg7 54. Kg4 Kg6 0-1

[Event "28th Hit Open-A 2024"]
[Site "Nova Gorica"]
[Date "2024.01.29"]
[Round "5.31"]
[White "Markocic, Tine"]
[Black "Vicic, Mark"]
[Result "1-0"]
[ECO "D02"]
[WhiteElo "2055"]
[BlackElo "1729"]
[Annotator "RC"]
[PlyCount "165"]
[EventDate "2024.01.22"]
[EventType "swiss"]
[EventCountry "SLO"]
[SourceTitle "playchess.com"]
[Source "ChessBase"]
[SourceQuality "1"]
[TimeControl "5400+30"]

1. d4 d5 2. Bf4 Nf6 3. e3 c5 4. c3 Nc6 5. Nd2 e6 6. Ngf3 Be7 7. Bd3 Nh5 8. Be5 Bd6 9. Qe2 cxd4 10. cxd4 Nf6 11. Bxd6 Qxd6 12. a3 Nd7 13. O-O h6 14. Rfd1 O-O 15. Rac1 a6 16. h3 b5 17. e4 Na5 18. a4 Nc4 19. Nf1 Qb4 20. axb5 axb5 21. Ne3 Bb7 22. b3 Qxb3 23. Rb1 Qa4 24. Nxc4 dxc4 25. Bxc4 Bxe4 26. Bxb5 Bxf3 27. Qxf3 Qa7 28. Bxd7 Qxd7 29. Rb7 Qd6 30. Rxf7 Rxf7 31. Qxa8+ Rf8 32. Qe4 Qd5 33. Re1 Rd8 34. Qxd5 Rxd5 35. Re4 Kf7 36. Kf1 Ra5 37. Ke2 Ra3 38. Re3 Ra2+ 39. Kf3 Kf6 40. Re2 Ra4 41. Re4 Ra2 42. Rf4+ Kg5 43. g3 Rd2 44. Ke3 Rd1 45. Rf3 Kg6 46. Ke4 Re1+ 47. Re3 Rd1 48. Ke5 Kf7 49. Ra3 Rd2 50. f4 Re2+ 51. Kd6 Rd2 52. Ke5 Re2+ 53. Kd6 Rd2 54. Kc5 Rc2+ 55. Kb4 Rh2 56. g4 Rf2 57. f5 exf5 58. gxf5 Rxf5 59. Re3 g5 60. Kc4 Rf1 61. d5 Rd1 62. Kc5 h5 63. d6 g4 64. hxg4 hxg4 65. Kc6 g3 66. Rxg3 Rc1+ 67. Kd7 Rf1 68. Re3 Rf2 69. Kd8 Rf1 70. d7 Rf2 71. Re7+ Kf8 72. Re5 Kf7 73. Re7+ Kf8 74. Re1 Kf7 75. Rc1 Ra2 76. Rf1+ Kg7 77. Rf5 Kg6 78. Rc5 Kf7 79. Kc7 Ra7+ 80. Kd6 Ra6+ 81. Rc6 Ra8 82. Rc8 Ra6+ 83. Kc5 1-0

[Event "28th Hit Open-A 2024"]
[Site "Nova Gorica"]
[Date "2024.01.29"]
[Round "5.32"]
[White "Zlatanovic, Srdjan"]
[Black "Mestek, Igor"]
[Result "1/2-1/2"]
[ECO "D02"]
[WhiteElo "1675"]
[BlackElo "2080"]
[Annotator "NA RC"]
[PlyCount "92"]
[EventDate "2024.01.22"]
[EventType "swiss"]
[EventCountry "SLO"]
[SourceTitle "playchess.com"]
[Source "ChessBase"]
[SourceQuality "1"]
[TimeControl "5400+30"]

1. d4 d5 2. Nf3 e6 3. Bg5 Be7 4. Bf4 Nf6 5. e3 Nh5 6. Bg3 Nd7 7. Nbd2 c5 8. Bb5 Qb6 9. a4 Nxg3 10. hxg3 a6 11. Bxd7+ Bxd7 12. b3 cxd4 13. Nxd4 Bf6 14. c3 Rc8 15. Rc1 e5 16. Ne2 O-O 17. c4 Be6 18. Qc2 g6 19. O-O Bf5 20. e4 dxe4 21. Nxe4 Bg5 22. Rcd1 Rfd8 23. N2c3 Qc6 24. g4 Bxe4 25. Nxe4 Be7 26. Nc3 Rd4 27. Rxd4 exd4 28. Ne2 Rd8 29. Nf4 Bg5 30. Nd3 Re8 31. Qd1 Bf6 32. Re1 Re6 33. Qf3 Rxe1+ 34. Nxe1 Qb6 35. Qd1 Qe6 36. Nd3 Kg7 37. Nc5 Qc6 38. Nd3 Qe6 39. Nc5 Qc6 40. Nd3 h6 41. Qf3 Qb6 42. Qd1 Qd6 43. Qf3 Qb6 44. Qd1 Qe6 45. Nc5 Qc6 46. Nd3 Qe6 1/2-1/2

[Event "28th Hit Open-A 2024"]
[Site "Nova Gorica"]
[Date "2024.01.29"]
[Round "5.33"]
[White "Guid, Taja"]
[Black "Horvath, Andras"]
[Result "0-1"]
[ECO "C24"]
[WhiteElo "1698"]
[BlackElo "1901"]
[Annotator "NA RC"]
[PlyCount "98"]
[EventDate "2024.01.22"]
[EventType "swiss"]
[EventCountry "SLO"]
[SourceTitle "playchess.com"]
[Source "ChessBase"]
[SourceQuality "1"]
[TimeControl "5400+30"]

1. e4 e5 2. Bc4 Nf6 3. d3 c6 4. Nf3 Be7 5. O-O d6 6. Re1 O-O 7. Nbd2 Re8 8. Nf1 Bf8 9. Bb3 Be6 10. Ng3 Nbd7 11. c3 Qc7 12. d4 Rad8 13. d5 cxd5 14. exd5 Bg4 15. h3 Bxf3 16. Qxf3 Nc5 17. Bg5 Be7 18. Bxf6 Bxf6 19. Bc2 Be7 20. Nh5 g6 21. Ng3 Bf8 22. h4 Qe7 23. h5 Qg5 24. hxg6 hxg6 25. b4 Nd7 26. Ba4 f5 27. Ne2 Re7 28. Bxd7 Rexd7 29. g3 Rc8 30. Kg2 Rh7 31. Rh1 Rcc7 32. a4 Bh6 33. Qd3 Qg4 34. Rh4 e4 35. Qb5 Qf3+ 36. Kg1 Bf8 37. Nd4 Qxc3 38. Rd1 Rxh4 39. gxh4 Qh3 40. Qe2 Qxh4 41. f3 exf3 42. Qxf3 Bg7 43. Ne6 Rc2 44. Nxg7 Kxg7 45. b5 Rc4 46. Rd2 Rg4+ 47. Rg2 Qe1+ 48. Qf1 Rxg2+ 49. Kxg2 Qxf1+ 0-1

[Event "28th Hit Open-A 2024"]
[Site "Nova Gorica"]
[Date "2024.01.29"]
[Round "5.34"]
[White "Atakay, Mustafa"]
[Black "Petrosino, Germano"]
[Result "1-0"]
[ECO "A55"]
[WhiteElo "1889"]
[BlackElo "1715"]
[Annotator "NA RC"]
[PlyCount "65"]
[EventDate "2024.01.22"]
[EventType "swiss"]
[EventCountry "SLO"]
[SourceTitle "playchess.com"]
[Source "ChessBase"]
[SourceQuality "1"]
[TimeControl "5400+30"]

1. d4 d6 2. Nf3 Nf6 3. c4 Nbd7 4. Nc3 e5 5. g3 Be7 6. Bg2 O-O 7. O-O c6 8. e4 a6 9. Qc2 b5 10. b3 Bb7 11. Rd1 Qc7 12. Bb2 Rac8 13. Rac1 Rfe8 14. cxb5 cxb5 15. Qd3 Qb8 16. Ne1 exd4 17. Qxd4 Qa8 18. Nd3 Bf8 19. f3 Nc5 20. Bh3 Rcd8 21. Nb4 Ncxe4 22. Nxe4 Nxe4 23. fxe4 Rxe4 24. Qd2 d5 25. Nd3 Rde8 26. Re1 Qa7+ 27. Kf1 Re3 28. Rxe3 Rxe3 29. Bg2 d4 30. Bxb7 Qxb7 31. Nf2 Rf3 32. Qxd4 f5 33. Rd1 1-0

[Event "28th Hit Open-A 2024"]
[Site "Nova Gorica"]
[Date "2024.01.29"]
[Round "5.35"]
[White "Papler, Peter"]
[Black "Kekic, Urban"]
[Result "1/2-1/2"]
[ECO "D05"]
[WhiteElo "1691"]
[BlackElo "1885"]
[Annotator "NA RC"]
[PlyCount "100"]
[EventDate "2024.01.22"]
[EventType "swiss"]
[EventCountry "SLO"]
[SourceTitle "playchess.com"]
[Source "ChessBase"]
[SourceQuality "1"]
[TimeControl "5400+30"]

1. d4 d5 2. Nf3 Nf6 3. e3 c5 4. c3 e6 5. Nbd2 Nc6 6. Bd3 Be7 7. O-O O-O 8. Re1 Qc7 9. dxc5 Bxc5 10. e4 dxe4 11. Nxe4 Be7 12. Qe2 b6 13. Bg5 Nd5 14. Bc2 Rd8 15. Rad1 Bb7 16. Bxe7 Qxe7 17. Neg5 h6 18. Ne4 Rac8 19. Ng3 Rc7 20. Qe4 Nf6 21. Qf4 Rcd7 22. Rxd7 Rxd7 23. Nf5 Qd8 24. Ne3 Qb8 25. Qh4 Qd8 26. h3 Qc7 27. Ng4 Nxg4 28. Qxg4 Qd8 29. Qe4 g6 30. Qf4 Kg7 31. h4 Qf6 32. Qg3 h5 33. Ba4 Rd8 34. Qc7 Qe7 35. Qg3 Qd6 36. Qg5 Qe7 37. Qe3 Qf6 38. Bc2 Na5 39. Ng5 Nc4 40. Qg3 Rd2 41. Be4 Ba6 42. b3 Nd6 43. c4 Nf5 44. Bxf5 Qxf5 45. a4 Rd3 46. Qc7 Rxb3 47. Nxe6+ Kh6 48. Qe7 Kh7 49. Ng5+ Kg7 50. Rb1 Qf4 1/2-1/2

[Event "28th Hit Open-A 2024"]
[Site "Nova Gorica"]
[Date "2024.01.29"]
[Round "5.36"]
[White "Petrovcic, Cvetko"]
[Black "Budai, Federico"]
[Result "1-0"]
[ECO "B23"]
[WhiteElo "1611"]
[BlackElo "1861"]
[Annotator "NA RC"]
[PlyCount "97"]
[EventDate "2024.01.22"]
[EventType "swiss"]
[EventCountry "SLO"]
[SourceTitle "playchess.com"]
[Source "ChessBase"]
[SourceQuality "1"]
[TimeControl "5400+30"]

1. e4 c5 2. f4 Nc6 3. Nf3 e6 4. Nc3 Nge7 5. Nb5 d5 6. e5 Ng6 7. d4 a6 8. Nc3 cxd4 9. Nxd4 Bc5 10. Nce2 O-O 11. c3 f6 12. Be3 Be7 13. Nf3 fxe5 14. fxe5 Ngxe5 15. Ned4 Nxf3+ 16. Nxf3 e5 17. h4 Bg4 18. Be2 Bxf3 19. Bxf3 e4 20. Bg4 Qd6 21. Rh3 Ne5 22. Be2 b5 23. Qd2 Rad8 24. O-O-O Nc4 25. Bxc4 bxc4 26. Bd4 a5 27. Be3 a4 28. a3 Bf6 29. g4 Be5 30. Bg5 Rd7 31. Be3 Bf4 32. Rf1 Rdf7 33. Bxf4 Rxf4 34. Rd1 Rd8 35. g5 Rf5 36. h5 Qe5 37. h6 Rxg5 38. hxg7 Rxg7 39. Rdh1 Rdd7 40. Rh5 Qe6 41. Rh6 Rg6 42. R6h5 Qf7 43. Qd4 Qf4+ 44. Kb1 Qf3 45. Qe5 Qf8 46. Rf5 Rf7 47. Qxd5 Kg7 48. Rxh7+ Kxh7 49. Rxf7+ 1-0

[Event "28th Hit Open-A 2024"]
[Site "Nova Gorica"]
[Date "2024.01.29"]
[Round "5.37"]
[White "Pagnutti, Lorenzo"]
[Black "Bajec, Borut"]
[Result "1-0"]
[ECO "B22"]
[WhiteElo "1859"]
[BlackElo "1703"]
[Annotator "NA RC"]
[PlyCount "73"]
[EventDate "2024.01.22"]
[EventType "swiss"]
[EventCountry "SLO"]
[SourceTitle "playchess.com"]
[Source "ChessBase"]
[SourceQuality "1"]
[TimeControl "5400+30"]

1. e4 c5 2. c3 d5 3. exd5 Qxd5 4. d4 e6 5. Nf3 Nf6 6. Bd3 Be7 7. O-O O-O 8. Be3 Nc6 9. dxc5 Bxc5 10. Bxh7+ Nxh7 11. Qxd5 exd5 12. Bxc5 Re8 13. Nbd2 Bg4 14. Rfe1 b6 15. Bd4 Nxd4 16. Nxd4 Nf6 17. f3 Bd7 18. Kf2 Kf8 19. g4 g6 20. h4 a6 21. Nf1 Kg7 22. Ng3 Rh8 23. Rh1 Rac8 24. Rae1 b5 25. a3 a5 26. Re7 Rhd8 27. h5 Kf8 28. Re2 b4 29. axb4 axb4 30. cxb4 Rc4 31. Rd2 Rxb4 32. hxg6 fxg6 33. g5 Ng8 34. Nge2 Re8 35. Nf4 Reb8 36. b3 Be8 37. Nxd5 1-0

[Event "28th Hit Open-A 2024"]
[Site "Nova Gorica"]
[Date "2024.01.29"]
[Round "5.38"]
[White "Racnik, Tone"]
[Black "Ivsek, Cveto"]
[Result "1-0"]
[ECO "B13"]
[WhiteElo "1849"]
[BlackElo "1711"]
[Annotator "NA RC"]
[PlyCount "127"]
[EventDate "2024.01.22"]
[EventType "swiss"]
[EventCountry "SLO"]
[SourceTitle "playchess.com"]
[Source "ChessBase"]
[SourceQuality "1"]
[TimeControl "5400+30"]

1. e4 c6 2. d4 d5 3. exd5 cxd5 4. Bd3 Nc6 5. c3 e6 6. Nf3 h6 7. Bf4 Bd6 8. Ne5 Nxe5 9. dxe5 Bc5 10. O-O Bd7 11. b4 Bb6 12. a4 a6 13. Nd2 Ne7 14. Nf3 Nf5 15. Bxf5 exf5 16. Qxd5 Bc6 17. Qxd8+ Rxd8 18. a5 Ba7 19. Rfd1 Bxf3 20. gxf3 Ke7 21. Be3 Bxe3 22. fxe3 Rxd1+ 23. Rxd1 Rc8 24. Rd3 Rc4 25. Kf2 g5 26. Kg3 f4+ 27. exf4 Rxf4 28. Rd6 h5 29. Rb6 h4+ 30. Kg2 Rc4 31. Rxb7+ Ke6 32. b5 axb5 33. Rxb5 Rxc3 34. h3 Rc2+ 35. Kg1 Ra2 36. Kf1 Kf5 37. e6+ Kxe6 38. Rxg5 f5 39. Rh5 Rxa5 40. Rxh4 Ra2 41. Rb4 Ke5 42. Kg1 f4 43. h4 Rc2 44. Rb8 Ra2 45. Rg8 Kf5 46. Rg5+ Kf6 47. Rb5 Kg6 48. Rb8 Kf5 49. Rg8 Kf6 50. h5 Ra5 51. h6 Rh5 52. Rh8 Rh4 53. Kf2 Rh2+ 54. Kf1 Kg6 55. Ke1 Rxh6 56. Rxh6+ Kxh6 57. Kd2 Kh5 58. Kd3 Kh4 59. Kd4 Kh3 60. Ke5 Kh4 61. Kxf4 Kh5 62. Kf5 Kh6 63. Kf6 Kh7 64. Kf7 1-0

[Event "28th Hit Open-A 2024"]
[Site "Nova Gorica"]
[Date "2024.01.29"]
[Round "5.39"]
[White "Novak, Rok"]
[Black "Cortese, Lina"]
[Result "1-0"]
[ECO "C02"]
[WhiteElo "1777"]
[BlackElo "1582"]
[Annotator "NA RC"]
[PlyCount "55"]
[EventDate "2024.01.22"]
[EventType "swiss"]
[EventCountry "SLO"]
[SourceTitle "playchess.com"]
[Source "ChessBase"]
[SourceQuality "1"]
[TimeControl "5400+30"]

1. d4 e6 2. e4 d5 3. e5 c5 4. c3 Nc6 5. Nf3 Qb6 6. Be2 cxd4 7. cxd4 Nh6 8. Bxh6 Qxb2 9. Nbd2 gxh6 10. O-O Nxd4 11. Qa4+ Nc6 12. Bb5 Bd7 13. Rab1 Qa3 14. Qf4 Qe7 15. Rfc1 Bg7 16. Ba4 O-O 17. Rxb7 Qa3 18. Nb3 Rfc8 19. Rxd7 Ne7 20. Rcc7 Rxc7 21. Rxc7 Bf8 22. g4 Qxa2 23. Nbd2 Qa1+ 24. Kg2 d4 25. Bc2 Qa5 26. Rxe7 Bxe7 27. Qxh6 Rd8 28. Bxh7+ 1-0